 Dungeon Crawl Stone Soup version 0.23-a0-554-gd3cbc84 (webtiles) character file.

20700 galech the Cleaver (level 12, 106/106 (107) HPs)
             Began as a Demonspawn Fighter on Dec 10, 2018.
             Was the Champion of Okawaru.
             Quit the game on level 3 of the Lair of Beasts.
             The game lasted 00:21:30 (13278 turns).

galech the Cleaver (Demonspawn Fighter)            Turns: 13278, Time: 00:21:31

HP:   106/106 (107) AC: 17    Str: 17    XL:     12   Next: 47%
MP:   12/12         EV:  7    Int: 10    God:    Okawaru [******]
Gold: 1041          SH: 12    Dex: 19    Spells: 11/11 levels left

rFire    + . .     SeeInvis +   O - +3 hand axe
rCold    + . .     Gourm    .   c - +0 shield
rNeg     . . .     Faith    .   T - +2 plate armour {rC+}
rPois    .         Spirit   .   W - +0 hat {SInv}
rElec    .         Reflect  .   (no cloak)
rCorr    .         Harm     .   (gloves unavailable)
MR       .....     Rnd*Tele +   N - +0 pair of boots
Stlth    ..........             P - amulet of Vitality {Regen+ HP+15}
HPRegen  0.67/turn              Y - ring of Kyetaum {*Tele Dex+2}
MPRegen  0.13/turn              I - +1 ring of evasion

@: no status effects
A: claws 3, hooves 1, horns 1, fire resistance 1, ignite blood, flame cloud
immunity
a: Heroism, Finesse, Renounce Religion


You were on level 3 of the Lair of Beasts.
You worshipped Okawaru.
Okawaru was exalted by your worship.
You were very hungry.

You visited 3 branches of the dungeon, and saw 14 of its levels.
You also visited: Ossuary and Gauntlet.

You collected 1041 gold pieces.

Inventory:

Hand Weapons
 a - a +0 war axe
 O - a +3 hand axe (weapon)
 X - the +12 quarterstaff "Weuwu" {crush, rC+}
   (You took it off a minotaur in a Gauntlet)

   It inflicts extra damage upon your enemies.
   It protects you from cold.
Armour
 c - a +0 shield (worn)
 n - a +0 plate armour of poison resistance
 p - a +2 scale mail of poison resistance
 y - the +3 leather armour of Grace {rF+}
   (You found it on level 4 of the Dungeon)

   It protects you from fire.
 N - a +0 pair of boots (worn)
 T - a +2 plate armour of cold resistance (worn)
 W - a +0 hat of see invisible (worn)
 Z - a +3 chain mail of poison resistance
Jewellery
 e - a +4 ring of intelligence
 o - an uncursed ring of flight
 s - a +2 ring of strength
 C - an uncursed amulet of magic regeneration
 E - an uncursed ring of fire
 I - a +1 ring of evasion (right claw)
 M - an uncursed amulet of guardian spirit
 P - the amulet of Vitality (around neck) {Regen+ HP+15}
   (You found it on level 9 of the Dungeon)

   [amulet of regeneration]

   It affects your health (+15).
   It increases your rate of regeneration.
 R - an uncursed ring of fire
 V - an uncursed amulet of the acrobat {unknown}
 Y - the ring of Kyetaum (left claw) {*Tele Dex+2}
   (You found it in a Gauntlet)

   [ring of teleportation]

   It may teleport you next to monsters.
   It affects your dexterity (+2).
Wands
 A - a wand of iceblast (11)
 J - a wand of paralysis (21)
 L - a wand of acid (14)
 Q - a wand of digging (7)
 S - a wand of disintegration (12)
 U - a wand of flame (39)
Scrolls
 h - 6 scrolls of remove curse
 i - 2 scrolls of silence
 j - 8 scrolls of teleportation
 k - 2 scrolls of enchant armour
 q - 5 scrolls of amnesia
 z - a scroll of torment
 D - 2 scrolls of fog
 F - a scroll of identify
 H - 3 scrolls of noise
 K - a scroll of enchant weapon
Potions
 b - 5 potions of haste {unknown}
 d - 3 potions of heal wounds {unknown}
 g - 4 potions of agility {unknown}
 l - 2 potions of lignification {unknown}
 m - 3 potions of brilliance {unknown}
 r - 4 potions of flight {unknown}
 t - 5 potions of mutation
 u - 3 potions of berserk rage {unknown}
 v - a potion of cancellation {unknown}
 w - 5 potions of curing {unknown}
 x - 4 potions of might
 B - 4 potions of degeneration {unknown}
 G - a potion of invisibility {unknown}
Comestibles
 f - 25 rations


   Skills:
 + Level 7.8 Fighting
 + Level 12.3 Axes
 + Level 9.1 Armour
 + Level 3.8 Dodging
 + Level 2.5 Stealth
 + Level 9.3 Shields
 + Level 0.2 Unarmed Combat
 + Level 0.7 Invocations


You had 11 spell levels left.
You didn't know any spells.
Your spell library contained the following spells:

 Spells                   Type           Power        Failure   Level  Hunger
 Cause Fear               Hex            #.........   100%        4    #####..
 Silence                  Hex/Air        #.........   100%        5    ######.
 Yara's Violent Unravell  Hex/Tmut       #.........   100%        5    ######.
 Deflect Missiles         Chrm/Air       #.........   100%        6    #######
 Discord                  Hex            #.........   100%        8    #######


Dungeon Overview and Level Annotations

Branches:
Dungeon (10/15)            Temple (1/1) D:4            Lair (3/6) D:8
  Snake (0/4) Lair:3
  Swamp: Lair:2-4    Shoals: Lair:2-4       Orc: D:9-12

Altars:
Ashenzari
Cheibriados
Dithmenos
Elyvilon
Fedhas
Gozag
Hepliaklqana
Kikubaaqudgha
Makhleb
Nemelex Xobeh
Okawaru
Qazlal
Ru
Sif Muna
Trog
Uskayaw
Vehumet
Wu Jian
Xom
Yredelemnul
Zin
The Shining One

Shops:
D:8 =


Innate Abilities, Weirdness & Mutations

You have claws for hands.
You have large cloven feet.
You have a pair of small horns on your head.
Your flesh is heat resistant. (rF+)
Your demonic aura causes spilled blood to erupt in flames.
You are immune to clouds of flame.


Message History

The bullfrog is moderately wounded.
The bullfrog barely misses you.
You slash the bullfrog! You headbutt the bullfrog.
The bullfrog is severely wounded.
The bullfrog is engulfed in blazing flames.
You kill the bullfrog!
Okawaru accepts your kill.
No target in view!
No target in view!
No target in view!
No target in view!
No target in view!
No target in view!
No target in view!
No target in view!
No target in view!
No target in view!
No target in view!
No target in view!
Are you sure you want to abandon this character and quit the game? (Confirm

###..###....# ###.#.#*##..,,...#
#*...# ###### *..#.# *##*,,**#
*,,,**** *P..## *****# ***,,,*,***
*...#* **,.
,,...,,,,,*######..#,******* *,,.
.......,,,*#..#.#.P####.*,,* *,,.
...#..#**####...........,,*****,#
...P..####.##...........,**,*****
................@ยง......,,,,,,,,,
........................,,,,,,,,,
......#P..P.....#.##.#.#**,,,,,,,
...................>,..,,,,,,,,,,
.....................,..,,,,,,,,,
#.#####..#P##.###P.##***,,*,*,*,*
### ######### *#P# ********** *##


There were no monsters in sight!

Vanquished Creatures
  Gastronok (Lair:3)
  A minotaur (Gauntlet)
  A hydra (Gauntlet)
  2 two-headed ogres
  Pikel (D:9)
  A rust devil (Gauntlet)
  A spiny frog (Lair:1)
  3 black mambas
  A torpor snail (Gauntlet)
  2 komodo dragons
  3 blink frogs (Lair:2)
  4 hippogriffs
  A spriggan (D:8)
  Sigmund (D:2)
  3 shadows (Gauntlet)
  A ynoxinul (Gauntlet)
  22 yaks
  A basilisk (Lair:3)
  Eustachio (D:4)
  Grum (D:10)
  8 water moccasins
  4 porcupines
  A hornet zombie (D:10)
  4 orc warriors
  3 phantoms
  2 slaves (D:9)
  3 sky beasts
  4 black bears
  2 necrophages (D:9)
  An eye of draining (D:9)
  5 ogres
  9 wolves
  8 centaurs
  5 crocodiles
  A big kobold (D:9)
  5 bullfrogs
  8 scorpions
  A wyvern skeleton (D:10)
  4 wights (D:8)
  A howler monkey (D:6)
  7 crimson imps
  A quasit (D:6)
  A bullfrog zombie (D:10)
  5 hounds
  7 orc priests
  3 bullfrog skeletons
  A gnoll shaman (D:5)
  2 iron imps (Gauntlet)
  9 orc wizards
  Ijyb (D:4)
  6 iguanas
  4 worker ants
  Terence (D:2)
  A hound zombie (D:9)
  A hound skeleton (D:7)
  8 mummies (Ossuary)
  A worker ant zombie (D:10)
  A howler monkey zombie (D:5)
  Robin (D:4)
  7 gnolls
  11 adders
  A howler monkey skeleton (D:6)
  3 shadow imps
  2 oozes
  An adder zombie (D:5)
  An adder skeleton (D:4)
  6 worms
  3 dart slugs
  8 leopard geckos
  47 orcs
  2 ball pythons
  9 bats
  4 giant cockroaches
  2 gnoll zombies (Ossuary)
  14 goblins
  8 hobgoblins
  2 jackals (D:2)
  13 kobolds
  3 quokkas
  5 frilled lizards
  5 hobgoblin zombies (Ossuary)
  A leopard gecko skeleton (D:4)
  An orc zombie (Ossuary)
  2 quokka skeletons
  5 rats
  2 fungi
  A plant (Lair:3)
361 creatures vanquished.

Vanquished Creatures (others)
  2 slaves (D:9)
  An ogre (D:9)
  A shadow imp (D:9)
  A fungus (Lair:2)
5 creatures vanquished.

Grand Total: 366 creatures vanquished

Notes
Turn   | Place    | Note
-------+----------+-------------------------------------------
     0 | D:1      | galech the Demonspawn Fighter began the quest for the Orb.
     0 | D:1      | Reached XP level 1. HP: 18/18 MP: 1/1
    93 | D:1      | Gained mutation: You have sharp fingernails. [demonic
                  | ancestry]
    93 | D:1      | Reached XP level 2. HP: 6/24 MP: 2/2
    94 | D:1      | Reached skill level 2 in Axes
  1053 | D:2      | Gained mutation: You have very sharp fingernails. [demonic
                  | ancestry]
  1053 | D:2      | Reached XP level 3. HP: 27/29 MP: 3/3
  1464 | D:2      | Found a blossoming altar of Fedhas.
  1680 | D:2      | Gained mutation: Your flesh is heat resistant. (rF+)
                  | [demonic ancestry]
  1680 | D:2      | Reached XP level 4. HP: 35/35 MP: 4/4
  1694 | D:2      | Noticed Terence
  1720 | D:2      | Killed Terence
  1789 | D:2      | Found a bloodstained altar of Trog.
  1953 | D:2      | Noticed Sigmund
  1966 | D:2      | Killed Sigmund
  1966 | D:2      | Reached skill level 3 in Axes
  1966 | D:2      | Reached skill level 1 in Dodging
  1966 | D:2      | Gained mutation: You are immune to clouds of flame.
                  | [demonic ancestry]
  1966 | D:2      | Reached XP level 5. HP: 13/41 MP: 5/5
  2223 | D:3      | Gained mutation: Your demonic aura causes spilled blood to
                  | erupt in flames. [demonic ancestry]
  2223 | D:3      | Reached XP level 6. HP: 16/47 MP: 6/6
  2603 | D:3      | Reached skill level 4 in Axes
  3237 | D:4      | Noticed Eustachio
  3245 | D:4      | Killed Eustachio
  3297 | D:4      | Found a sand-covered staircase.
  3302 | Ossuary  | Entered an ossuary
  3321 | Ossuary  | Gained mutation: You have claws for hands. [demonic
                  | ancestry]
  3321 | Ossuary  | Reached XP level 7. HP: 51/53 MP: 7/7
  3824 | D:4      | Found a sparkling altar of Nemelex Xobeh.
  3878 | D:4      | Got a twisted leather armour
  3889 | D:4      | Identified the +3 leather armour of Grace {rF+} (You found
                  | it on level 4 of the Dungeon)
  3903 | D:4      | Noticed Ijyb
  3908 | D:4      | Killed Ijyb
  3913 | D:4      | Found a staircase to the Ecumenical Temple.
  3927 | Temple   | Entered the Ecumenical Temple
  3978 | Temple   | Became a worshipper of Warmaster Okawaru
  4050 | D:4      | Noticed Robin
  4058 | D:4      | Killed Robin
  4058 | D:4      | Reached skill level 5 in Axes
  4376 | D:4      | Reached * piety under Okawaru
  4376 | D:4      | Reached XP level 8. HP: 45/60 MP: 8/8
  4425 | D:4      | Reached skill level 6 in Axes
  4503 | D:4      | Found a glowing silver altar of Zin.
  4742 | D:5      | Entered Level 5 of the Dungeon
  4865 | D:5      | Reached skill level 7 in Axes
  4988 | D:5      | Reached ** piety under Okawaru
  5160 | D:5      | Found a shadowy altar of Dithmenos.
  5575 | D:6      | Reached skill level 5 in Shields
  5593 | D:6      | Gained mutation: You have a pair of small horns on your
                  | head. [demonic ancestry]
  5593 | D:6      | Reached XP level 9. HP: 64/67 MP: 9/9
  5595 | D:6      | Reached skill level 5 in Armour
  5805 | D:6      | Found an iron altar of Okawaru.
  5860 | D:6      | Found a deep blue altar of Sif Muna.
  6519 | D:7      | Reached skill level 8 in Axes
  6867 | D:7      | Reached skill level 5 in Fighting
  6873 | D:7      | Found a basalt altar of Yredelemnul.
  6951 | D:7      | Reached *** piety under Okawaru
  7213 | D:7      | Reached skill level 1 in Stealth
  7367 | D:8      | Found Bihikk's Jewellery Boutique.
  7456 | D:8      | Found a stormy altar of Qazlal.
  7603 | D:8      | Reached skill level 9 in Axes
  7769 | D:8      | Reached XP level 10. HP: 69/74 MP: 10/10
  7775 | D:8      | Reached **** piety under Okawaru
  7962 | D:8      | Found a staircase to the Lair.
  8147 | D:9      | Found the amulet of Vitality {Regen+ HP+15}
  8167 | D:9      | Noticed Pikel
  8210 | D:9      | Noticed a two-headed ogre
  8330 | D:9      | Killed Pikel
  8335 | D:9      | Killed a two-headed ogre
  8335 | D:9      | Received a gift from Okawaru
  8738 | D:9      | Reached skill level 10 in Axes
  8770 | D:9      | Found a shimmering altar of Xom.
  8777 | D:9      | Found a hazy altar of Hepliaklqana.
  8777 | D:9      | Found a sacrificial altar of Ru.
  8777 | D:9      | Found a hide-covered altar of Uskayaw.
  8791 | D:9      | Found a glowing golden altar of the Shining One.
  9165 | D:10     | Entered Level 10 of the Dungeon
  9292 | D:10     | Reached ***** piety under Okawaru
  9659 | D:10     | Noticed Grum
  9674 | D:10     | Reached XP level 11. HP: 49/80 MP: 11/11
  9675 | D:10     | Killed Grum
  9775 | D:10     | Noticed a two-headed ogre
  9785 | D:10     | Killed a two-headed ogre
 10110 | Lair:1   | Entered Level 1 of the Lair of Beasts
 10131 | Lair:1   | Received a gift from Okawaru
 10366 | Lair:1   | Reached skill level 11 in Axes
 11827 | Lair:3   | Noticed Gastronok
 11841 | Lair:3   | Killed Gastronok
 11841 | Lair:3   | Gained mutation: You have large cloven feet. [demonic
                  | ancestry]
 11841 | Lair:3   | Reached XP level 12. HP: 90/90 MP: 12/12
 11857 | Lair:3   | Found a staircase to the Snake Pit.
 11867 | Lair:3   | Received a gift from Okawaru
 11910 | Lair:3   | Reached skill level 12 in Axes
 11967 | Lair:3   | Found a gate leading to a gauntlet.
 11971 | Gauntlet | Entered a Gauntlet
 11971 | Gauntlet | Found a transporter.
 12022 | Gauntlet | Found a transporter.
 12022 | Gauntlet | Found a transporter.
 12024 | Gauntlet | Found a transporter.
 12051 | Gauntlet | Found a transporter.
 12066 | Gauntlet | Found a transporter.
 12071 | Gauntlet | Found a transporter.
 12084 | Gauntlet | Noticed a five-headed hydra
 12086 | Gauntlet | Found a transporter.
 12105 | Gauntlet | Found a transporter.
 12117 | Gauntlet | Found a transporter.
 12129 | Gauntlet | Found a transporter.
 12141 | Gauntlet | Found a transporter.
 12152 | Gauntlet | Noticed a cacodemon
 12153 | Gauntlet | Found a transporter.
 12170 | Gauntlet | Found a transporter.
 12187 | Gauntlet | Found a transporter.
 12189 | Gauntlet | Found a transporter.
 12228 | Gauntlet | Found a transporter.
 12306 | Gauntlet | Found a transporter.
 12816 | Gauntlet | Killed a 13-headed hydra
 12944 | Gauntlet | Got a pitted golden ring
 12946 | Gauntlet | Identified the ring of Kyetaum {*Tele Dex+2} (You found it
                  | in a Gauntlet)
 13035 | Gauntlet | Identified the +12 quarterstaff "Weuwu" {crush, rC+}
 13035 | Gauntlet | Noticed a minotaur
 13052 | Gauntlet | Killed a minotaur
 13052 | Gauntlet | Reached ****** piety under Okawaru
 13278 | Lair:3   | Quit the game

Vault maps used:
D:1:      lemuel_arrival_cross
D:2:      bloody_trog, fedhas_altar_3, uniq_terence, uniq_sigmund
D:3:      minmay_pentangle
D:4:      minmay_bubble_buster, lemuel_coloured_pillars_altar,
          overflow_temple_1_default, minmay_temple_entry_mist,
          nicolae_ossuary_entry_false_entrances, first_ration, uniq_ijyb,
          uniq_robin, uniq_eustachio
D:5:      lemuel_doored_altar
D:6:      tgw_sif, okawaru_metal_pillars_1_2
D:7:      nicolae_overflow_crystal_walls
D:8:      nicolae_qazlal_general_emergency, grunt_lair_entry_orc_guard_hut,
          serial_shops, nicolae_shop_waterfront, grunt_pizzeria, minivault_26
D:9:      minitemple, minmay_fractal_squares_diagonal_5, uniq_pikel
D:10:     lightli_orcish_oven, uniq_grum
Temple:   zaba_magenta_temple
Lair:1:   serial_bayou_shore_b
Lair:3:   minmay_snake_entry_six_corridors, gauntlet_entry_generic,
          special_room, chequers_serial_rivers_micro_b, uniq_urug,
          uniq_gastronok
Ossuary:  ossuary_tomb_3
Gauntlet: gammafunk_gauntlet_one_two_three

Skill      XL: |  1  2  3  4  5  6  7  8  9 10 11 12 |
---------------+-------------------------------------+-----
Axes           | 2 3 4 5 7 9 10 11 12 | 12.3
Shields        | 3 4 5 6 7 8 9 |  9.3
Armour         | 3 4 6 8 9 |  9.1
Dodging        | 1 2 3 |  3.8
Fighting       | 4 5 6 7 |  7.8
Stealth        | 1 2 |  2.5
Unarmed Combat | |  0.2
Invocations    | |  0.7

Action                   |  1- 3 |  4- 6 |  7- 9 | 10-12 || total
-------------------------+-------+-------+-------+-------++-------
Melee: War axe           |   119 |   147 |   434 |    13 ||   713
       Unarmed           |       |     5 |       |       ||     5
       Headbutt          |       |       |    34 |   168 ||   202
       Hand axe          |       |       |       |   597 ||   597
Invok: Heroism           |       |       |       |     5 ||     5
  Use: Potion            |       |     1 |       |       ||     1
       Scroll            |       |     6 |       |    10 ||    16
  Eat: Chunk             |     3 |     5 |    15 |    17 ||    40
Armor: Scale mail        |    81 |    71 |   178 |    51 ||   381
       Skin              |       |     9 |       |       ||     9
       Plate armour      |       |       |       |   178 ||   178
Dodge: Dodged            |    51 |    50 |   148 |   164 ||   413
Block: Shield            |    72 |    84 |   220 |   325 ||   701

Table legend:
 A = Non-vault XP
 B = Vault XP
 C = Vault XP percentage of total XP
 D = Non-vault monster count
 E = Vault monster count
 F = Vault count percentage of total count
                 A         B        C        D         E       F
            +---------+---------+-------+---------+---------+-------
      Total |   18113 |   11459 |  38.7 |     265 |      91 |  25.6
            +---------+---------+-------+---------+---------+-------
        D:1 |      40 |       0 |   0.0 |      22 |       0 |   0.0
        D:2 |      59 |     252 |  81.0 |      15 |       2 |  11.8
        D:3 |     154 |      37 |  19.4 |      25 |      10 |  28.6
        D:4 |     333 |     652 |  66.2 |       9 |      19 |  67.9
        D:5 |     778 |       0 |   0.0 |      32 |       0 |   0.0
        D:6 |     480 |      42 |   8.0 |      16 |       1 |   5.9
        D:7 |    1412 |       0 |   0.0 |      25 |       0 |   0.0
        D:8 |     978 |     794 |  44.8 |      17 |       6 |  26.1
        D:9 |    2236 |     962 |  30.1 |      29 |       5 |  14.7
       D:10 |    2187 |     679 |  23.7 |      26 |      10 |  27.8
     Lair:1 |    2760 |       0 |   0.0 |      15 |       0 |   0.0
     Lair:2 |    3764 |       0 |   0.0 |      17 |       0 |   0.0
     Lair:3 |    2932 |    3940 |  57.3 |      17 |      12 |  41.4
    Ossuary |       0 |     150 | 100.0 |       0 |      16 | 100.0
   Gauntlet |       0 |    3951 | 100.0 |       0 |      10 | 100.0
            +---------+---------+-------+---------+---------+-------
